 Dungeon Crawl Stone Soup version 0.28.0-1-gb440e238dd (webtiles) character file.

Game seed: 6361163715857824010

121 hawla the Conjurer (level 4, -4/35 HPs)
             Began as a Draconian Conjurer on Feb 22, 2022.
             Slain by a gnoll (6 damage)
             ... on level 3 of the Dungeon on Feb 23, 2022.
             The game lasted 00:07:28 (2686 turns).

hawla the Conjurer (Draconian Conjurer)             Turns: 2686, Time: 00:07:29

Health: -4/35      AC:  5    Str:  9    XL:     4   Next: 77%
Magic:  1/7        EV: 12    Int: 20    God:
Gold:   58         SH:  0    Dex: 10    Spells: 1/8 levels left

rFire   . . .      SeeInvis .   d - +0 whip (distort)
rCold   . . .      Faith    .   (no shield)
rNeg    . . .      Spirit   .   (armour unavailable)
rPois   .          Reflect  .   (helmet restricted)
rElec   .          Harm     .   (no cloak)
rCorr   .          Rampage  .   (no gloves)
Will    .....                   (no boots)
Stlth   ++........              (no amulet)
HPRegen 0.11/turn               (no ring)
MPRegen 0.10/turn               (no ring)

@: brilliant, very slightly contaminated
A: AC +5, unfitting armour, cold-blooded
a: no special abilities


You were on level 3 of the Dungeon.
You visited 1 branch of the dungeon, and saw 3 of its levels.

You collected 58 gold pieces.

Inventory:

Hand Weapons
 d - a +0 whip of distortion (weapon)
Missiles
 e - 9 poisoned darts
 j - 4 curare-tipped darts
Armour
 k - a +0 cloak
Jewellery
 a - a ring of magical power
Scrolls
 g - a scroll of fear {unknown}
 i - 2 scrolls of identify
Potions
 h - a potion of brilliance


   Skills:
 * Level 1.1 Fighting
 + Level 0.5 Maces & Flails
 + Level 2.6 Dodging
 - Level 2.0 Stealth
 + Level 2.6 Spellcasting
 + Level 5.0 Conjurations
 * Level 0.4 Translocations


You had one spell level left.
You knew the following spells:

 Your Spells              Type           Power      Damage    Failure   Level
a - Magic Dart            Conj           100%       1d8       1%          1
b - Searing Ray           Conj           68%        2d6       2%          2
c - Iskenderun's Mystic   Conj/Tloc      20%        2d6       43%         4

Your spell library contained the following spells:

 Spells                   Type           Power      Damage    Failure   Level
 Dazzling Flash           Conj/Hex       38%        N/A       16%         3
 Fulminant Prism          Conj/Hex       9%         3d7       45%         4


Dungeon Overview and Level Annotations

Branches:
Dungeon (3/15)

Altars:

Shops:
D:1 (


Innate Abilities, Weirdness & Mutations

Your plain brown scales are hard. (AC +5)
You cannot fit into any form of body armour.
You are cold-blooded and may be slowed by cold attacks.


Message History

You hit the gnoll but do no damage.
Space warps around the gnoll.
The gnoll is severely wounded.
The gnoll hits you with a +0 club. The gnoll barely misses you.
The gnoll misses you.
The gnoll sergeant hits you from afar with a +0 trident.
Casting: Searing Ray (safe; 2% risk of failure)
Confirm with . or Enter, or press ? or * to list all spells.
The spell is extremely dangerous to miscast (43% risk of failure)!
Continue anyway?
You miscast Iskenderun's Mystic Blast.
You are very lightly contaminated with residual magic.
Nothing appears to happen.
The gnoll misses you. The gnoll hits you with a +0 club.
The gnoll sergeant closely misses you. The gnoll closely misses you.
Casting: Iskenderun's Mystic Blast (extremely dangerous; 43% risk of failure)
Confirm with . or Enter, or press ? or * to list all spells.
You don't have enough magic to cast this spell.
Casting: Iskenderun's Mystic Blast (extremely dangerous; 43% risk of failure)
Confirm with . or Enter, or press ? or * to list all spells.
Aiming: Searing Ray (safe; 2% risk of failure)
Press: ? - help, Shift-Dir - straight line, f - gnoll
Aim: a gnoll, wielding a +0 halberd (81% to hit)
You miscast Searing Ray.
Nothing appears to happen.
The gnoll closely misses you. The gnoll hits you but does no damage.
The gnoll barely misses you.
Unknown command.
The gnoll hits you with a +0 club.
The gnoll hits you from afar with a +0 spear.
The gnoll barely misses you.
As you read the scroll labelled XECEANINASH, it crumbles to dust.
Your body is wracked with pain!
* * * LOW HITPOINT WARNING * * *
The gnoll convulses!
The adder convulses!
The gnoll convulses!
The gnoll sergeant convulses!
It was a scroll of torment.
The gnoll closely misses you. The gnoll hits you with a +0 club!
* * * LOW HITPOINT WARNING * * *
The gnoll closely misses you.
It was a potion of brilliance.
You feel clever all of a sudden. The gnoll hits you with a +0 club.
You die...

. ....####### .....Sgg@.#
### ...#..g##.## #.#
....... #..#### #.##
.........#....###..#
...................#
...................####..
...........#######.......
.......#.........#.###.##
.##....##.........##..#


You could see 3 gnolls and an adder.

Vanquished Creatures
  3 gnolls (D:2)
  3 adders
  3 dart slugs (D:1)
  3 endoplasms
  2 giant cockroaches (D:1)
  6 goblins
  7 hobgoblins
  8 jackals (D:2)
  2 quokkas
  5 ball pythons
  3 bats
  A frilled lizard (D:1)
  8 kobolds
  4 rats
58 creatures vanquished.

Notes
Turn   | Place    | Note
-------+----------+-------------------------------------------
     0 | D:1      | hawla the Draconian Conjurer began the quest for the Orb.
     0 | D:1      | Reached XP level 1. HP: 14/14 MP: 3/3
   230 | D:1      | Reached XP level 2. HP: 17/20 MP: 0/5
   233 | D:1      | Learned a level 2 spell: Searing Ray
   994 | D:1      | Reached XP level 3. HP: 26/26 MP: 3/6
  1028 | D:1      | Found Lean's Antique Weapon Shop.
  2119 | D:2      | Reached XP level 4. HP: 34/34 MP: 2/7
  2124 | D:2      | Learned a level 4 spell: Iskenderun's Mystic Blast
  2582 | D:2      | Reached skill level 1 in Fighting
  2582 | D:2      | Reached skill level 5 in Conjurations
  2677 | D:3      | Noticed a gnoll sergeant
  2686 | D:3      | Slain by a gnoll

Illustrated notes

Levels and vault maps discovered:
D:1:      psy_arrival_heroes, layout_loops_corners, serial_shops,
          nicolae_shop_trees, kennysheep_boxes
D:2:      layout_basic
D:3:      layout_rooms, lightli_sewer_entry_pipes, minmay_misc_feat_enclosed,
          minmay_misc_feat_tiny, minivault_26, item_on_display_a

Skill      XL: |  1  2  3  4 |
---------------+-------------+-----
Dodging        | 2 |  2.6
Stealth        | 2 |  2.0
Fighting       | 1 |  1.1
Conjurations   | 5 |  5.0
Maces & Flails | |  0.5
Spellcasting   | |  2.6
Translocations | |  0.4

Action                   |  1- 3 |  4- 6 || total
-------------------------+-------+-------++-------
Melee: Unarmed           |    26 |       ||    26
       Tailslap          |     7 |     2 ||     9
       Whip              |    43 |    21 ||    64
 Cast: Magic Dart        |    46 |       ||    46
       Searing Ray       |    10 |     4 ||    14
       Iskenderun's Myst |       |     1 ||     1
  Use: Scroll            |     3 |     1 ||     4
       Potion            |       |     3 ||     3
 Stab: Sleeping          |     2 |       ||     2
Armor: Skin              |    33 |    10 ||    43
Dodge: Dodged            |    74 |    37 ||   111
